 Dungeon Crawl Stone Soup version 0.25.0-10-g039870ee82 (webtiles) character file.

Game seed: 10823434142526410373

1736 shadizar the Covert (level 9, -1/62 HPs)
             Began as an Octopode Assassin on June 22, 2020.
             Was a Follower of Okawaru.
             Slain by a sky beast (6 damage)
             ... on level 7 of the Dungeon.
             The game lasted 00:14:57 (5924 turns).

shadizar the Covert (Octopode Assassin)             Turns: 5924, Time: 00:14:57

Health: -1/62      AC:  1    Str: 13    XL:     9   Next: 5%
Magic:  9/10       EV: 19    Int: 14    God:    Okawaru [*.....]
Gold:   325        SH:  0    Dex: 13    Spells: 8/8 levels left

rFire    + . .     SeeInvis .   a - +2 dagger
rCold    . . .     Gourm    .   (no shield)
rNeg     . . .     Faith    .   (helmet restricted)
rPois    .         Spirit   .   m - amulet of regeneration
rElec    .         Reflect  .   l - ring of protection from fire
rCorr    .         Harm     .   (no ring)
MR       .....                  (no ring)
Stlth    ++++++....             (no ring)
HPRegen  0.60/turn              (no ring)
MPRegen  0.12/turn              (no ring)
                                (no ring)
                                (no ring)

@: heroism
A: almost no armour, stealthy swim, amphibious, 8 rings, constrict 8, camouflage
1, gelatinous body 1
a: Heroism, Renounce Religion


You were on level 7 of the Dungeon.
You worshipped Okawaru.
Okawaru was aware of your devotion.
You were not hungry.

You visited 2 branches of the dungeon, and saw 8 of its levels.

You collected 325 gold pieces.

Inventory:

Hand Weapons
 a - a +2 dagger (weapon)
 u - a +2 hand axe of venom
 y - a +1 dagger of protection
Missiles
 b - 37 poisoned darts (quivered)
 c - 2 curare-tipped darts
Jewellery
 l - a ring of protection from fire (left tentacle)
 m - an amulet of regeneration (around mantle)
Wands
 A - a wand of paralysis (6)
Scrolls
 e - 2 scrolls of remove curse
 g - 5 scrolls of teleportation
 o - a scroll of identify
Potions
 f - a potion of flight {unknown}
 n - 2 potions of ambrosia {unknown}
 p - 3 potions of haste
 q - 2 potions of curing
 t - a potion of invisibility {unknown}
 v - a potion of magic {unknown}
 w - a potion of brilliance {unknown}
 x - 2 potions of heal wounds {unknown}
 z - a potion of mutation {unknown}
Comestibles
 d - 14 rations
 h - a chunk of flesh


   Skills:
 + Level 5.9(10.9) Fighting
 + Level 6.0(11.0) Short Blades
 - Level 2.0(7.0) Throwing
 + Level 5.5(10.5) Dodging
 + Level 8.5(13.5) Stealth
 - Level 2.1 Invocations
 + Level 1.8 Evocations


You had 8 spell levels left.
You didn't know any spells.
Your spell library was empty.

Dungeon Overview and Level Annotations

Branches:
Dungeon (7/15)             Temple (1/1) D:5

Altars:
Cheibriados
Dithmenos
Elyvilon
Fedhas
Gozag
Hepliaklqana
Kikubaaqudgha
Makhleb
Nemelex Xobeh
Okawaru
Qazlal
Ru
Sif Muna
Trog
Uskayaw
Vehumet
Wu Jian
Xom
Yredelemnul
Zin
The Shining One

Shops:
D:4 *   D:6 [   D:7 =

Annotations:
D:4 Dowan, Duvessa


Innate Abilities, Weirdness & Mutations

You cannot wear most types of armour.
You are very stealthy in the water. (Stealth+)
You are amphibious.
You can wear up to eight rings at the same time.
You can use your tentacles to constrict eight enemies at once.
Your skin changes colour to match your surroundings (Stealth+).
Your rubbery body absorbs attacks. (AC +1, EV +1)


Message History

You hit something. Something closely misses you.
You hit something but do no damage. You hit something but do no damage.
Something hits you. Something shocks you.
You hit something. You barely miss something. Something hits you.
Something shocks you.
* * * LOW HITPOINT WARNING * * *
You miss something. Your squeeze misses something.
You completely miss something. Something hits you.
* * * LOW HITPOINT WARNING * * *
Something shocks you.
* * * LOW HITPOINT WARNING * * *
You hit something. Your squeeze misses something. You barely miss something.
Something hits you.
* * * LOW HITPOINT WARNING * * *
Something shocks you.
* * * LOW HITPOINT WARNING * * *
You feel better. Something hits you.
* * * LOW HITPOINT WARNING * * *
Something shocks you.
You die...

.......# ..#!.... .....
#......# #.#..... ...##
#......######.#.... .h ##
.................. . +.
................#######.
##
.8.∩.<.8................
...
...#....................
.##
...########......{%..$..#
. ...# #.....@........ ..
...# #....<†........ ...
...# #.........#.... ...
...########..............
.........................
..............#'#.......#
....................#...
.....#####.(........#...
.......# #........###


There were no monsters in sight!

Vanquished Creatures
  A sky beast (D:7)
  4 ogres
  2 centaurs
  A necrophage (D:5)
  3 bullfrogs
  2 howler monkeys (D:7)
  2 crimson imps
  3 orc priests
  A hound (D:5)
  A bullfrog skeleton (D:5)
  A jelly (D:5)
  5 orc wizards
  3 worker ants
  3 gnolls (D:6)
  17 adders
  5 worms
  2 dart slugs
  2 leopard geckos
  19 orcs
  2 ball pythons
  3 giant cockroaches
  13 goblins
  9 hobgoblins
  7 jackals
  8 kobolds
  2 quokkas
  5 bats
  4 frilled lizards
  2 goblin skeletons (D:4)
  A hobgoblin zombie (D:4)
  A kobold skeleton (D:4)
  A leopard gecko skeleton (D:4)
  A leopard gecko zombie (D:6)
  3 orc skeletons (D:4)
  An orc zombie (D:4)
  A quokka skeleton (D:4)
  7 rats
  A spectral orc (D:5)
149 creatures vanquished.

Notes
Turn   | Place    | Note
-------+----------+-------------------------------------------
     0 | D:1      | shadizar the Octopode Assassin began the quest for the Orb.
     0 | D:1      | Reached XP level 1. HP: 14/14 MP: 1/1
   204 | D:1      | Reached XP level 2. HP: 19/19 MP: 2/2
   489 | D:1      | Reached XP level 3. HP: 18/25 MP: 3/3
  1115 | D:2      | Found an opulent altar of Gozag.
  1170 | D:2      | Reached skill level 6 in Stealth
  1170 | D:2      | Reached XP level 4. HP: 30/30 MP: 4/4
  1877 | D:3      | Reached XP level 5. HP: 28/36 MP: 5/5
  1967 | D:3      | Found a faded altar of an unknown god.
  2521 | D:4      | Noticed Duvessa
  2785 | D:4      | Reached XP level 6. HP: 32/43 MP: 6/6
  2888 | D:4      | Found a glowing golden altar of the Shining One.
  2952 | D:4      | Found Duiho's Assorted Antiques.
  2985 | D:4      | Noticed Dowan
  3075 | D:5      | Entered Level 5 of the Dungeon
  3075 | D:5      | Noticed a necrophage
  3077 | D:5      | Killed a necrophage
  3077 | D:5      | Reached XP level 7. HP: 48/48 MP: 7/7
  3162 | D:5      | Found a basalt altar of Yredelemnul.
  3762 | D:5      | Found a burning altar of Makhleb.
  3836 | D:5      | Found a staircase to the Ecumenical Temple.
  3844 | D:6      | Found a hazy altar of Hepliaklqana.
  3849 | D:6      | Found Utilug's Antique Armour Shoppe.
  3860 | D:6      | Found Boasemau's Distillery.
  3890 | D:6      | Reached skill level 7 in Stealth
  3943 | D:6      | Found a sacrificial altar of Ru.
  3977 | D:6      | Reached skill level 5 in Short Blades
  3977 | D:6      | Reached XP level 8. HP: 54/54 MP: 8/8
  4179 | D:6      | Reached skill level 5 in Fighting
  4300 | D:6      | Found an iron altar of Okawaru.
  4318 | D:6      | Became a worshipper of Warmaster Okawaru
  4668 | D:7      | Found a white marble altar of Elyvilon.
  4669 | D:7      | Found a sparkling altar of Nemelex Xobeh.
  4688 | D:7      | Reached skill level 1 in Invocations
  4900 | D:7      | Reached skill level 5 in Dodging
  5195 | D:5      | Reached * piety under Okawaru
  5195 | D:5      | Reached skill level 8 in Stealth
  5281 | Temple   | Entered the Ecumenical Temple
  5724 | D:7      | Reached skill level 1 in Evocations
  5822 | D:7      | Found Menaupe's Jewellery Shoppe.
  5837 | D:7      | Reached XP level 9. HP: 33/62 MP: 7/10
  5924 | D:7      | Slain by a sky beast

Illustrated notes

Levels and vault maps discovered:
D:1:      evilmike_arrival_rings, layout_basic
D:2:      layout_loops_cross, first_ration, grunt_gozag_breadcrumbs
D:3:      layout_basic, chequers_ecumenical_altar_grove
D:4:      layout_rooms, serial_shops,
          nicolae_shop_temple_entry_statues_fountains,
          nicolae_tso_besieged_by_evil, uniq_duvessa
D:5:      layout_gridville, yredelemnul_forgotten_temple_becter,
          makhleb_heckhound_becter, minmay_temple_entry_arrows, st_stairs_12
D:6:      layout_rooms, nicolae_ru_awakened_eye, nicolae_overflow_crystal_walls,
          serial_shops, shop, nicolae_shop_statue_plus, basic_altar
D:7:      layout_basic, evilmike_ruin_ashenzari, grunt_temple_overflow_open,
          serial_shops, shop_statue
Temple:   regret_index_temple_generic_petals

Skill      XL: |  1  2  3  4  5  6  7  8  9 |
---------------+----------------------------+-----
Stealth        | 6 7 8 |  8.5
Dodging        | 2 3 4 5 |  5.5
Fighting       | 3 4 5 |  5.9
Short Blades   | 3 4 5 6 |  6.0
Invocations    | 2 |  2.1
Evocations     | 1 |  1.8
Throwing       | |  2.0

Action                   |  1- 3 |  4- 6 |  7- 9 || total
-------------------------+-------+-------+-------++-------
Melee: Dagger            |    48 |   136 |   216 ||   400
       Constrict         |    10 |    33 |    32 ||    75
       Tentacles         |     4 |    25 |    50 ||    79
Invok: Heroism           |       |       |     3 ||     3
Evoke: Wand              |       |       |     1 ||     1
  Use: Scroll            |       |       |     8 ||     8
       Potion            |       |       |     2 ||     2
 Stab: Sleeping          |    17 |    23 |    12 ||    52
       Distracted        |       |       |     1 ||     1
       Paralysed         |       |       |     1 ||     1
  Eat: Chunk             |     1 |     6 |     9 ||    16
Armor: Skin              |     3 |     5 |     4 ||    12
Dodge: Dodged            |    11 |    71 |   103 ||   185
